 Dungeon Crawl Stone Soup version 0.31.0-9-g3a7656b989 (webtiles) character file.

Game seed: 7086124313209344799

168 qw the Skirmisher (level 5, -12/29 HPs)
             Began as a Deep Elf Hunter on Feb 2, 2024.
             Mangled by an ogre
             ... wielding a +0 giant club
              (24 damage)
             ... on level 4 of the Dungeon.
             The game lasted 00:00:12 (2983 turns).

qw the Skirmisher (Deep Elf Hunter)                 Turns: 2983, Time: 00:00:13

Health: -12/29     AC:  6    Str: 16    XL:     5   Next: 23%
Magic:  7/7        EV: 11    Int: 14    God:
Gold:   211        SH:  0    Dex: 18    Spells: 4/4 levels left

rFire   . . .        a - +0 shortbow
rCold   . . .        (shield currently unavailable)
rNeg    + + .        b - +0 ring mail
rPois   .            (no helmet)
rElec   .            (no cloak)
rCorr   .            (no gloves)
SInv    .            c - +0 pair of boots
Will    +....        e - amulet of regeneration
Stlth   ++           j - ring of Zeenliesk {rN++ Will+ Str+6 Stlth+}
HPRegen 1.04/turn    (no ring)
MPRegen 0.10/turn

%: no passive effects
@: no status effects
A: no striking features
a: no special abilities


You were on level 4 of the Dungeon.
You visited 1 branch of the dungeon, and saw 4 of its levels.

You collected 211 gold pieces.


   Skills:
 - Level 1.5 Fighting
 + Level 8.7 Ranged Weapons
 - Level 2.4 Dodging
 - Level 1.2 Stealth


You had 4 spell levels left.
You didn't know any spells.
Your spell library was empty.

Inventory:

Hand Weapons
 a - a +0 shortbow (weapon)
Armour
 b - a +0 ring mail (worn)
 c - a +0 pair of boots (worn)
Jewellery
 e - an amulet of regeneration (around neck)
 j - the ring of Zeenliesk (left hand) {rN++ Will+ Str+6 Stlth+}
   (You found it on level 2 of the Dungeon)

   [ring of strength]

   Str+6:     It affects your strength (+6).
   rN++:      It greatly protects you from negative energy.
   Will+:     It increases your willpower.
   Stlth+:    It makes you more stealthy.
Scrolls
 d - a scroll of summoning {unknown}
 i - 4 scrolls of teleportation
Potions
 f - a potion of might
 g - a potion of mutation
 k - a potion of cancellation
 n - a potion of degeneration {unknown}

Dungeon Overview and Level Annotations

Branches:
Dungeon (4/15)
 Temple: D:4-7

Altars:

Annotations:
D:2 1 runed translucent door, Crazy Yiuf
D:3 3 runed translucent doors, qw's ghost, amateur SpHu


Message History

You climb downwards.
There is a stone staircase leading up, spattered with blood here.
You shoot an arrow. The arrow closely misses the gnoll.
The gnoll barely misses you.
You shoot an arrow. The arrow hits the gnoll.
You kill the gnoll!
You now have 211 gold pieces (gained 17).
d - a scroll labelled LUNGOC OGGE
Enter note:
Enter note: A goblin comes into view. It is wielding a +0 club.
You shoot an arrow. The arrow hits the goblin.
The goblin is severely wounded.
You shoot an arrow. The arrow hits the goblin!
You kill the goblin!
An ogre comes into view. It is wielding a +0 giant club.
You shoot an arrow. The arrow hits the ogre.
The ogre shouts!
The ogre is lightly wounded.
Found 6 gold pieces.
You shoot an arrow. The arrow hits the ogre.
The ogre is lightly wounded.
You shoot an arrow. The arrow hits the ogre.
The ogre is moderately wounded.
The ogre misses you.
You shoot an arrow. The arrow hits the ogre.
The ogre is heavily wounded.
The ogre hits you with a +0 giant club!
You shoot an arrow. The arrow hits the ogre.
The ogre is severely wounded.
You shoot an arrow. The arrow barely misses the ogre.
The ogre hits you with a +0 giant club!
You shoot an arrow. The arrow hits the ogre.
The ogre is severely wounded.
The ogre misses you.
You shoot an arrow. The arrow hits the ogre.
The ogre is almost dead.
The ogre hits you with a +0 giant club!!
Ouch! That really hurt!
You die...

... .$.......# ...
......... ... .........
... ......... ...
........# ##..
........# #... #....O.#
##... #@## #.... #..#
##.... #..# ##...## #
##.## ##......
...###..# ###.......
.........#####.........
...........##..........
.........).............
.......###.............


You could see an ogre.

Vanquished Creatures
  A sleepcap (D:3)
  3 gnolls
  4 adders
  2 ribbon worms (D:3)
  An orc (D:3)
  4 endoplasms
  4 giant cockroaches
  7 goblins
  4 hobgoblins
  8 jackals
  5 quokkas
  5 ball pythons
  4 bats
  7 frilled lizards
  10 kobolds
  4 rats
73 creatures vanquished.

Notes
Turn   | Place    | Note
-------+----------+-------------------------------------------
     0 | D:1      | qw the Deep Elf Hunter began the quest for the Orb.
     0 | D:1      | Reached XP level 1. HP: 12/12 MP: 3/3
     0 | D:1      | 0 ||| qw: Version: 0.3-a-155-g5e7d8dd
     0 | D:1      | 0 ||| qw: Game counter: 1773
     0 | D:1      | 0 ||| qw: Melee chars always use a shield: true
     0 | D:1      | 0 ||| qw: God list: Okawaru
     0 | D:1      | 0 ||| qw: Allow faded altars: false
     0 | D:1      | 0 ||| qw: Do Orc after clearing Dungeon:15 true
     0 | D:1      | 0 ||| qw: Do second Lair branch before Depths: true
     0 | D:1      | 0 ||| qw: Lair rune preference: random
     0 | D:1      | 0 ||| qw: Goals: Normal
     0 | D:1      | 0 ||| PLANNING D:1-11
   338 | D:1      | Reached XP level 2. HP: 16/16 MP: 4/4
   472 | D:1      | Reached skill level 6 in Ranged Weapons
   809 | D:1      | 809 ||| UPGRADING to amulet of regeneration.
   814 | D:1      | 814 ||| READING scroll labelled BUAN YDIFANO.
   819 | D:1      | 819 ||| READING scroll labelled RAOTRE JISARPHU.
   819 | D:1      | 819 ||| IDENTIFYING murky pink potion
   820 | D:1      | 820 ||| READING scroll labelled BYIGAUDETTESCH.
   921 | D:1      | 921 ||| DROPPING scroll of butterflies.
   950 | D:2      | Reached XP level 3. HP: 20/20 MP: 5/5
  1106 | D:2      | Reached skill level 7 in Ranged Weapons
  1252 | D:2      | Reached XP level 4. HP: 25/25 MP: 6/6
  1303 | D:2      | Identified the ring of Zeenliesk {rN++ Will+ Str+6 Stlth+}
  1591 | D:2      | Found a runed translucent door.
  1592 | D:2      | Noticed Crazy Yiuf
  1635 | D:2      | 1635 ||| DROPPING ring of flight.
  1636 | D:2      | 1636 ||| UPGRADING to ring of Zeenliesk {rN++ Will+ Str+6
                  | Stlth+}.
  1637 | D:2      | 1637 ||| READING scroll of identify.
  1637 | D:2      | 1637 ||| IDENTIFYING inky potion
  1638 | D:2      | 1638 ||| READING scroll labelled KAFEPPO SAULOUSHRU.
  1639 | D:2      | 1639 ||| DROPPING potion of lignification.
  1713 | D:3      | Reached skill level 8 in Ranged Weapons
  1735 | D:3      | 1735 ||| UPGRADING to +0 ring mail.
  1737 | D:3      | 1737 ||| UPGRADING to +0 ring mail.
  1740 | D:3      | 1740 ||| UPGRADING to +0 ring mail.
  1757 | D:3      | 1757 ||| DROPPING +0 leather armour.
  1774 | D:3      | 1774 ||| UPGRADING to +0 pair of boots.
  1846 | D:3      | Identified the +10 whip "Teraor" {drain, rN+}
  1846 | D:3      | Identified the +3 leather armour "Goedat" {rCorr Dex+3}
  1847 | D:3      | Found a runed translucent gate.
  1847 | D:3      | Found a runed translucent gate.
  1847 | D:3      | Found a runed translucent gate.
  1847 | D:3      | Noticed qw's ghost (amateur SpHu)
  2742 | D:3      | 2742 ||| DROPPING amulet of magic regeneration.
  2743 | D:3      | 2743 ||| READING 2 scrolls of identify.
  2743 | D:3      | 2743 ||| IDENTIFYING fizzy white potion
  2744 | D:3      | 2744 ||| READING scroll of identify.
  2744 | D:3      | 2744 ||| IDENTIFYING viscous emerald potion
  2745 | D:3      | 2745 ||| READING scroll labelled QUPNIE ATUMULY.
  2746 | D:3      | 2746 ||| DRINKING 2 viscous yellow potions.
  2747 | D:3      | 2747 ||| DROPPING potion of magic.
  2749 | D:3      | 2749 ||| Stepping ~*~*~tactically~*~*~ (cloud).
  2856 | D:4      | 2856 ||| STAIRDANCE
  2862 | D:3      | Reached XP level 5. HP: 17/29 MP: 7/7
  2876 | D:4      | 2876 ||| STAIRDANCE
  2891 | D:4      | 2891 ||| STAIRDANCE
  2905 | D:4      | 2905 ||| STAIRDANCE
  2921 | D:4      | 2921 ||| STAIRDANCE
  2973 | D:4      | Noticed an ogre
  2983 | D:4      | Mangled by an ogre

Levels and vault maps discovered:
D:1:      saegor_arrival_simple_d, layout_loops_corners
D:2:      layout_loops_ring, minmay_heptomino_o4, uniq_crazy_yiuf_cottage
D:3:      layout_basic, biasface_ghost_orc_armoury, serial_glass,
          glass_columns_b, glass_columns_b, glass_columns_b, glass_columns_a,
          minmay_fountain_box, hellmonk_no_cap
D:4:      layout_cave_pods, okawaru_ov_weapons_minmay, serial_shops,
          shop_fountains

Skill      XL: |  1  2  3  4 |
---------------+-------------+-----
Ranged Weapons | 6 7 8 |  8.7
Fighting       | |  1.5
Dodging        | |  2.4
Stealth        | |  1.2

Action                     |  1- 3 |  4- 6 || total
---------------------------+-------+-------++-------
   Fire: Shortbow          |   106 |    94 ||   200
    Use: Scroll            |     3 |     5 ||     8
         Potion            |       |     1 ||     1
 Armour: Leather armour    |    16 |       ||    16
         Ring mail         |       |    16 ||    16
         Skin              |       |     1 ||     1
  Dodge: Dodged            |    25 |    27 ||    52

Table legend:
 A = Non-vault XP
 B = Vault XP
 C = Vault XP percentage of total XP
 D = Non-vault monster count
 E = Vault monster count
 F = Vault count percentage of total count
                 A         B        C        D         E       F
            +---------+---------+-------+---------+---------+-------
      Total |     198 |      42 |  17.5 |      68 |       5 |   6.8
            +---------+---------+-------+---------+---------+-------
        D:1 |      37 |       0 |   0.0 |      24 |       0 |   0.0
        D:2 |      71 |       3 |   4.1 |      22 |       3 |  12.0
        D:3 |      74 |      39 |  34.5 |      20 |       2 |   9.1
        D:4 |      16 |       0 |   0.0 |       2 |       0 |   0.0
            +---------+---------+-------+---------+---------+-------
